 Dungeon Crawl Stone Soup version 0.25-a0-589-g1e14c549ee (webtiles) character file.

Game seed: 15565685709471962461, levelgen mode: deterministic

83 Kohma the Digger (level 4, -1/24 HPs)
             Began as a Gargoyle Earth Elementalist on Mar 13, 2020.
             Slain by Sigmund
             ... wielding a +4 scythe of protection
              (5 damage)
             ... on level 3 of the Dungeon.
             The game lasted 00:05:33 (2325 turns).

Kohma the Digger (Gargoyle Earth Elementalist)      Turns: 2325, Time: 00:05:34

Health: -1/24      AC:  6    Str: 10 (11) XL:     4   Next: 44%
Magic:  0/8        EV: 12    Int: 15 (17) God:
Gold:   142        SH:  0    Dex:  9 (10) Spells: 2/8 levels left

rFire    . . .     SeeInvis .   q - +2 whip (vamp)
rCold    . . .     Gourm    .   (no shield)
rNeg     + . .     Faith    .   c - +0 robe
rPois    ∞         Spirit   .   t - +0 helmet (curse)
rElec    +         Reflect  .   (no cloak)
rCorr    .         Harm     .   (no gloves)
MR       .....                  (no boots)
Stlth    ++........             (no amulet)
HPRegen  0.08/turn              (no ring)
MPRegen  0.11/turn              (no ring)

@: hasted, very quick
A: negative energy resistance 1, electricity resistance, unbreathing,
petrification resistance, rot immunity, AC +3
a: no special abilities


You were on level 3 of the Dungeon.
You were hungry.

You visited 1 branch of the dungeon, and saw 3 of its levels.

You collected 142 gold pieces.

Inventory:

Hand Weapons
 g - a +0 club
 q - a +2 vampiric whip (weapon)
 s - a +0 dagger
Missiles
 b - 20 stones
 e - 24 arrows
 i - 17 sling bullets
 m - 8 javelins (quivered)
 p - 32 bolts
Armour
 c - a +0 robe (worn)
 t - a cursed +0 helmet (worn)
Scrolls
 j - a scroll of amnesia {unknown}
 k - a scroll of enchant armour {unknown}
 l - 3 scrolls of teleportation {unknown}
 n - 2 scrolls of remove curse {unknown}
 o - 2 scrolls of identify {unknown}
Comestibles
 d - 4 rations


   Skills:
 - Level 1.5 Dodging
 - Level 2.1 Stealth
 + Level 2.8 Spellcasting
 + Level 1.2 Conjurations
 - Level 0.7 Transmutations
 * Level 5.2 Earth Magic


You had 2 spell levels left.
You knew the following spells:

 Your Spells              Type           Power        Failure   Level  Hunger
a - Sandblast             Erth           ###...       2%          1    #......
b - Passwall              Tmut/Erth      ##......     9%          2    ##.....
c - Stone Arrow           Conj/Erth      ##....       16%         3    ###....

Your spell library contained the following spells:

 Spells                   Type           Power        Failure   Level  Hunger
 Petrify                  Tmut/Erth      ##......     52%         4    #####..
 Lee's Rapid Deconstruct  Erth           ###.......   54%         5    ######.


Dungeon Overview and Level Annotations

Branches:
Dungeon (3/15)

Altars:
Gozag

Annotations:
D:3 Sigmund


Innate Abilities, Weirdness & Mutations

You are resistant to torment.
Your stone body is resilient. (AC +3)
You are immune to poison.
You resist negative energy. (rN+)
You are resistant to electric shocks. (rElec)
You can survive without breathing.
You are immune to petrification.
You are immune to rotting.


Message History

* * * LOW HITPOINT WARNING * * *
You barely miss Sigmund.
Sigmund is heavily wounded.
Sigmund barely misses you.
You closely miss Sigmund.
Sigmund is heavily wounded.
You hit Sigmund.
You feel better.
Sigmund is heavily wounded.
Sigmund zaps a wand.
The puff of flame misses you.
Casting: Sandblast (safe; 2% risk of failure)
Confirm with . or Enter, or press ? or * to list all spells.
Aiming: Sandblast (safe; 2% risk of failure)
Press: ? - help, Shift-Dir - straight line, f/p - Sigmund
Aim: Sigmund, wielding a +4 scythe of protection, wearing a +0 robe and carrying a wand of flame (16) (heavily wounded)
The blast of sand misses Sigmund.
b - 20 stones You whack Sigmund!
Sigmund is almost dead.
Sigmund hits you with a +4 scythe of protection.
You die... ############## .....:.<@@...# ############.#

You could see Sigmund.

Vanquished Creatures
  3 adders (D:2)
  An ooze (D:1)
  A worm (D:2)
  3 leopard geckos
  3 giant cockroaches
  7 goblins
  8 hobgoblins
  4 jackals
  2 bats (D:2)
  4 frilled lizards
  5 kobolds
  5 rats
46 creatures vanquished.

Notes
Turn   | Place    | Note
-------+----------+-------------------------------------------
     0 | D:1      | Kohma the Gargoyle Earth Elementalist began the quest for
                  | the Orb.
     0 | D:1      | Reached XP level 1. HP: 10/10 MP: 3/3
    85 | D:1      | Reached skill level 4 in Earth Magic
   166 | D:1      | Reached XP level 2. HP: 15/15 MP: 5/5
   170 | D:1      | Learned a level 2 spell: Passwall
   839 | D:1      | Reached XP level 3. HP: 19/19 MP: 2/6
   844 | D:1      | Learned a level 3 spell: Stone Arrow
  1486 | D:2      | Reached skill level 5 in Earth Magic
  1511 | D:2      | Reached XP level 4. HP: 24/24 MP: 8/8
  1635 | D:2      | Reached skill level 1 in Conjurations
  1747 | D:2      | Found an opulent altar of Gozag.
  2303 | D:3      | Noticed Sigmund
  2325 | D:3      | Slain by Sigmund

Levels and vault maps discovered:
D:1:      roderic_chinese_lattice_arrival, layout_basic
D:2:      layout_basic, nicolae_gozag_seed_capital, serial_forest,
          infiniplex_forest_clump_diagonal, infiniplex_forest_clump_double,
          infiniplex_forest_lined_3, infiniplex_forest_straight_3,
          infiniplex_forest_lined_3, infiniplex_forest_lined_3, first_ration
D:3:      layout_loops_ring, uniq_sigmund, uniq_grinder, uniq_crazy_yiuf_cottage

Skill      XL: |  1  2  3  4 |
---------------+-------------+-----
Earth Magic    | 4 5 |  5.2
Conjurations   | 1 |  1.2
Dodging        | |  1.5
Stealth        | |  2.1
Spellcasting   | |  2.8
Transmutations | |  0.7

Action                   |  1- 3 |  4- 6 || total
-------------------------+-------+-------++-------
Melee: Club              |    64 |       ||    64
       Whip              |    31 |    26 ||    57
 Cast: Sandblast         |    31 |     4 ||    35
       Stone Arrow       |     1 |     7 ||     8
  Use: Potion            |       |     4 ||     4
 Stab: Sleeping          |     3 |       ||     3
  Eat: Chunk             |     2 |     3 ||     5
Armor: Robe              |    42 |     3 ||    45
Dodge: Dodged            |    94 |    13 ||   107

Table legend:
 A = Non-vault XP
 B = Vault XP
 C = Vault XP percentage of total XP
 D = Non-vault monster count
 E = Vault monster count
 F = Vault count percentage of total count
                 A         B        C        D         E       F
            +---------+---------+-------+---------+---------+-------
      Total |     119 |       0 |   0.0 |      46 |       0 |   0.0
            +---------+---------+-------+---------+---------+-------
        D:1 |      43 |       0 |   0.0 |      22 |       0 |   0.0
        D:2 |      76 |       0 |   0.0 |      24 |       0 |   0.0
            +---------+---------+-------+---------+---------+-------
